 Dungeon Crawl Stone Soup version 0.29.1-1-gd02db6906a (webtiles) character file.

Game seed: 7281400626101804950

15 safid the Shooter (level 2, -2/26 HPs)
             Began as a Minotaur Hunter on Sept 30, 2022.
             Slain by a crimson imp (4 damage)
             ... summoned by Eustachio
             ... on level 4 of the Dungeon.
             The game lasted 00:01:03 (777 turns).

safid the Shooter (Minotaur Hunter)                  Turns: 777, Time: 00:01:03

Health: -2/26      AC:  3    Str: 15    XL:     2   Next: 34%
Magic:  1/1        EV: 12    Int:  6    God:
Gold:   40         SH:  5    Dex: 13    Spells: 1/1 levels left

rFire   . . .      SeeInvis .   a - +0 shortbow
rCold   . . .      Faith    .   (shield currently unavailable)
rNeg    . . .      Spirit   .   c - +0 leather armour
rPois   .          Reflect  +   (helmet restricted)
rElec   .          Harm     .   (no cloak)
rCorr   .          Rampage  .   (no gloves)
Will    .....                   (no boots)
Stlth   +.........              e - amulet of reflection
HPRegen 0.08/turn               (no ring)
MPRegen 0.07/turn               (no ring)

@: no status effects
A: horns 2, retaliatory headbutt
a: no special abilities


You were on level 4 of the Dungeon.
You visited 1 branch of the dungeon, and saw 3 of its levels.

You collected 40 gold pieces.

Inventory:

Hand Weapons
 a - a +0 shortbow (weapon)
Armour
 c - a +0 leather armour (worn)
Jewellery
 e - an amulet of reflection (around neck)
Scrolls
 b - a scroll of immolation
 f - a scroll of silence {unknown}
 g - a scroll of summoning {unknown}
 h - a scroll of enchant weapon {unknown}
 i - a scroll of identify {unknown}
 k - a scroll of teleportation {unknown}
 l - a scroll of enchant armour {unknown}
Potions
 d - 2 potions of heal wounds {unknown}
 j - a potion of haste {unknown}


   Skills:
 - Level 3.0 Fighting
 + Level 4.8 Ranged Weapons
 - Level 2.1 Dodging
 - Level 0.7 Stealth


You had one spell level left.
You didn't know any spells.
Your spell library contained the following spells:

 Spells                   Type           Power      Damage    Failure   Level
 Stone Arrow              Conj/Erth      0%         3d7       88%         3
 Animate Armour           Summ/Erth      0%         N/A       99%         4
 Lehudib's Crystal Spear  Conj/Erth      0%         10d2      100%        8


Dungeon Overview and Level Annotations

Branches:
Dungeon (2/15)             Temple (0/1) D:4

Altars:

Annotations:
D:4 Eustachio


Innate Abilities, Weirdness & Mutations

You have a pair of horns on your head.
You reflexively headbutt those who attack you in melee.


Message History

Fire: a) +0 shortbow
Press: ? - help, Q - select action Shift-Dir - straight line, f - Eustachio, p - crimson imp
Aim: Eustachio, wielding a +0 falchion and wearing a +0 leather armour (50% to hit)
You shoot an arrow.
The arrow hits the crimson imp but does no damage.
The crimson imp is heavily wounded.
The crimson imp blinks!
Fire: a) +0 shortbow
Press: ? - help, Q - select action Shift-Dir - straight line, f/p - Eustachio
Aim: Eustachio, wielding a +0 falchion and wearing a +0 leather armour (translocational energy, 50% to hit)
You shoot an arrow. The arrow barely misses Eustachio.
Unknown command.
Fire: a) +0 shortbow
Press: ? - help, Q - select action Shift-Dir - straight line, f/p - Eustachio
Aim: Eustachio, wielding a +0 falchion and wearing a +0 leather armour (50% to hit)
You shoot an arrow. The arrow hits Eustachio!
Eustachio is lightly wounded.
Eustachio mumbles some strange words.
The crimson imp shouts, "Get thee hence, thou plume-plucked weevil-witted apple-john!"
The white imp barely misses you.
Fire: a) +0 shortbow
Press: ? - help, Q - select action Shift-Dir - straight line, f/p - Eustachio
Aim: Eustachio, wielding a +0 falchion and wearing a +0 leather armour (lightly wounded, 50% to hit)
You shoot an arrow. The arrow hits Eustachio!
Eustachio is moderately wounded.
You block Eustachio's attack. The bat barely misses you.
The white imp hits you.
* * * LOW HITPOINT WARNING * * *
The white imp freezes you.
* * * LOW HITPOINT WARNING * * *
You block the crimson imp's attack. Eustachio hits you with a +0 falchion.
* * * LOW HITPOINT WARNING * * *
Unknown command.
Fire: a) +0 shortbow
Press: ? - help, Q - select action Shift-Dir - straight line, f/p - Eustachio
Aim: Eustachio, wielding a +0 falchion and wearing a +0 leather armour (moderately wounded, 50% to hit)
You shoot an arrow. The arrow barely misses Eustachio.
The arrow closely misses the quokka.
The bat hits you but does no damage. The crimson imp hits you.
You die...

.# #. >.!#.. ....
..# . ##.###+#####
.##.###...........
..................
..........55r.....
..#####b..@@r.?...
#.....5.....
############


You could see Eustachio, an iron imp (summoned), a crimson imp (summoned), a
white imp (summoned), a quokka (summoned), a bat (summoned) and a rat
(summoned).

Vanquished Creatures
  A dart slug (D:1)
  3 ball pythons
  3 hobgoblins (D:1)
  A quokka (D:2)
  2 frilled lizards
  2 kobolds (D:1)
12 creatures vanquished.

Notes
Turn   | Place    | Note
-------+----------+-------------------------------------------
     0 | D:1      | safid the Minotaur Hunter began the quest for the Orb.
     0 | D:1      | Reached XP level 1. HP: 18/18 MP: 0/0
   218 | D:1      | Reached XP level 2. HP: 26/26 MP: 1/1
   766 | D:2      | You fall into a shaft and drop 2 floors!
   769 | D:4      | Found a staircase to the Ecumenical Temple.
   769 | D:4      | Noticed Eustachio
   771 | D:4      | Noticed a crimson imp
   777 | D:4      | Slain by a crimson imp

Illustrated notes

Levels and vault maps discovered:
D:1:      minmay_arrival_three_doors, layout_basic, hangedman_decor_peaks_small,
          kennysheep_nondescript, minivault_19, serial_bayou_pond_c,
          chequers_serial_rivers_micro_d, fountainhead,
          chequers_serial_rivers_room_a
D:2:      layout_loops_corners, shapermc_ecumenical_altar_hornbeckon,
          serial_glass, glass_columns_c, glass_columns_a, chequers_arboretum
D:4:      layout_basic, minmay_temple_entry_wispy, uniq_eustachio

Skill      XL: |  1 |
---------------+----+-----
Fighting       | 3 |  3.0
Ranged Weapons | |  4.8
Dodging        | |  2.1
Stealth        | |  0.7

Action                   || total
-------------------------++-------
 Fire: Shortbow          ||    39
Armor: Leather armour    ||     3
Dodge: Dodged            ||     3
Block: Other             ||     6
